[Event "Live Chess"]
[Site "Chess.com"]
[Date "2024.06.02"]
[Round "-"]
[White "r0ad_t0-gm"]
[Black "Isambard_Thomas"]
[Result "1-0"]
[WhiteElo "2300"]
[BlackElo "2193"]
[TimeControl "300"]
[EndTime "6:08:18 PDT"]
[Termination "r0ad_t0-gm won by resignation"]

1. Nf3 d5 2. g3 Bg4 3. Bg2 Nf6 4. O-O e6 5. h3 Bf5 6. c4 c6 7. Qb3 Qc8 8. d3 Bd6 9. Nh4 Bg6 10. cxd5 exd5 11. e4 dxe4 12. dxe4 Nbd7 13. Nc3 Nc5 14. Qc2 O-O 15. Be3 Ncd7 16. Rad1 Bc7 17. Nf5 Re8 18. Nd6 Bxd6 19. Rxd6 Ne5 20. Ne2 Qc7 21. Rfd1 Bxe4 22. Bxe4 1-0

[Event "Live Chess"]
[Site "Chess.com"]
[Date "2024.06.02"]
[Round "-"]
[White "FlyingChessKestrel13"]
[Black "V1nas"]
[Result "1-0"]
[WhiteElo "2081"]
[BlackElo "1315"]
[TimeControl "300"]
[EndTime "6:08:46 PDT"]
[Termination "FlyingChessKestrel13 won by resignation"]

1. e4 Nf6 2. Nf3 Nxe4 3. Bc4 d5 4. Bb3 c5 5. d3 Nf6 6. O-O e6 7. Re1 Bd6 8. Nc3 O-O 9. Nb5 a6 10. Nxd6 Qxd6 11. c4 d4 12. Bg5 Nfd7 13. Bh4 a5 14.
Bg3 a4 15. Bxd6 1-0

[Event "Live Chess"]
[Site "Chess.com"]
[Date "2024.06.02"]
[Round "-"]
[White "ClassyChameleon"]
[Black "McCarthyStone"]
[Result "0-1"]
[WhiteElo "1547"]
[BlackElo "2484"]
[TimeControl "300"]
[EndTime "6:08:52 PDT"]
[Termination "McCarthyStone won by resignation"]

1. e4 d5 2. exd5 Qxd5 3. Nc3 Qe5+ 4. Be2 c6 5. Nf3 Qc7 6. O-O Bf5 7. d4 e6 8. Bd3 Bg4 9. h3 Bh5 10. Be3 Nf6 11.
Be2 Bd6 12. Ne5 Bxe2 13. Qxe2 Bxe5 14. dxe5 Qxe5 15. Rad1 Nbd7 16. Na4 O-O 17. b3 b5 18. Bd4 Qxe2 0-1

[Event "Live Chess"]
[Site "Chess.com"]
[Date "2024.06.02"]
[Round "-"]
[White "grillage"]
[Black "ProfPoisson"]
[Result "1-0"]
[WhiteElo "1863"]
[BlackElo "1319"]
[TimeControl "300"]
[EndTime "6:09:16 PDT"]
[Termination "grillage won by resignation"]

1. d4 e6 2. Nf3 f5 3. g3 Nf6 4.
Bg2 Be7 5. O-O d6 6. b3 O-O 7.
Bb2 Ne4 8. Nbd2 Nxd2 9. Qxd2 Bf6 10. c4 a5 11. a3 Qe8 12. Rfe1 Nd7 13. Qc2 Nb6 14.
Rad1 c5 15. dxc5 dxc5 16. Bxf6 Rxf6 17. Ne5 Nd7 18. Nxd7 Bxd7 19. Bxb7 Rb8 20. Bg2 Rh6 21. Rd6 Qh5 22. Rxd7 Qxh2+ 23. Kf1 Rf8 24. Qd3 f4 25. Rd8 fxg3 26. Rxf8+ Kxf8 27. Qxg3 Qh5 28. Qf3+ Ke7 29. Qxh5 Rxh5 30. e3 Re5 31. Rd1 g5 32. Bc6 Kf6 33. Rd7 h5 34. Rh7 h4 35. Kg2 Kf5 36. Ra7 Kg4 37. Bf3+ Kf5 38. Rxa5 g4 39. Bd1 h3+ 40. Kg3 Kg5 41. b4 Re4 42. Rxc5+ e5 43. b5 Kf5 44. Bc2 h2 45. Kxh2 g3+ 46. Kxg3 Ke6 47. Bxe4 1-0

[Event "Live Chess"]
[Site "Chess.com"]
[Date "2024.06.02"]
[Round "-"]
[White "missedJariChance"]
[Black "wadsy27"]
[Result "0-1"]
[WhiteElo "1388"]
[BlackElo "2581"]
[TimeControl "300"]
[EndTime "6:09:29 PDT"]
[Termination "wadsy27 won by resignation"]

1. b3 d5 2. Bb2 c6 3. e3 Nf6 4.
Nf3 Bf5 5. c4 e6 6. Be2 h6 7. d3 Be7 8. Nbd2 O-O 9. Rc1 a5 10.
cxd5 exd5 11. Nd4 Bh7 12. N2f3 Nbd7 13. O-O a4 14. bxa4 Qa5 15. Ra1 Qxa4 16. Qxa4 Rxa4 17. Rfb1 Rfa8 18. h4 Nc5 19. Ne5 Rxa2 20. Bc3 Rxa1 21. Rxa1 Rxa1+ 22. Bxa1 Bd6 23. Nef3 Bxd3 24. Bxd3 Nxd3 25. Nf5 Bf8 26. N3d4 Ne4 27. f3 Nd6 28. Bc3 Nxf5 29. Nxf5 g6 30. Nd4 Bc5 31. Kh2 Bxd4 32. Bxd4 c5 33. Bf6 b5 0-1

[Event "Live Chess"]
[Site "Chess.com"]
[Date "2024.06.02"]
[Round "-"]
[White "bobby_jamesFischer86"]
[Black "juniortay"]
[Result "1-0"]
[WhiteElo "1647"]
[BlackElo "2337"]
[TimeControl "300"]
[EndTime "6:09:40 PDT"]
[Termination "bobby_jamesFischer86 won by resignation"]

1. d4 d5 2. c4 e6 3. Nc3 c5 4. cxd5 exd5 5. e3 Nc6 6. Nf3 Nf6 7. Bb5 cxd4 8. Nxd4 Bd7 9. Nxc6 bxc6 10. Bd3 Bd6 11. O-O O-O 12. f4 Re8 13. Re1 Rb8 14. b3 Qe7 15. Bb2 Bc5 16. Bc1 d4 17. Na4 dxe3 18.
Nxc5 Qxc5 19. Qe2 Bg4 20. Qc2 e2+ 21. Qxc5 1-0

[Event "Live Chess"]
[Site "Chess.com"]
[Date "2024.06.02"]
[Round "-"]
[White "PETROMICH1967"]
[Black "ACM42"]
[Result "0-1"]
[WhiteElo "1351"]
[BlackElo "2214"]
[TimeControl "300"]
[EndTime "6:09:55 PDT"]
[Termination "ACM42 won on time"]

1. e4 e6 2. Nf3 c5 3. b4 cxb4 4.
d4 d5 5. e5 Nc6 6. a3 bxa3 7.
Bxa3 Bxa3 8. Rxa3 Nge7 9. Bd3 Nf5 10. c3 h5 11. O-O g6 12. h3 Bd7 13. Nbd2 Qe7 14.
Rb3 Na5 15. Rb4 b6 16. Qe2 Kf8 17. Rfb1 Rc8 18. Rc1 Kg7 19. g4 hxg4 20. hxg4 Nh4 21. Nh2 Rxc3 22. Rxc3 Qxb4 23. Rc7 Be8 24. Rxa7 Qxd4 25.
Ndf3 Nxf3+ 26. Qxf3 Qxe5 27. Nf1 Nc6 28. Rb7 Qd4 29.
Bb5 Ne5 0-1

[Event "Live Chess"]
[Site "Chess.com"]
[Date "2024.06.02"]
[Round "-"]
[White "RichardABates"]
[Black "Ferrarifan27"]
[Result "1-0"]
[WhiteElo "2344"]
[BlackElo "2142"]
[TimeControl "300"]
[EndTime "6:10:26 PDT"]
[Termination "RichardABates won - game abandoned"]

1. d4 Nf6 2. Nf3 d5 3. c4 e6 4. g3 Be7 5. Bg2 O-O 6. O-O dxc4 7. Qc2 Bd7 8. Qxc4 Bc6 9. Nc3 Nbd7 10. Re1 Nb6 11. Qd3 Nbd5 12. a3 Nxc3 13. Qxc3 h6 14. b3 Qd5 15. Bb2 Rac8 16. Rac1 Ne4 17. Qc2 Qd8 18.
Ne5 Bd5 19. Bxe4 1-0

[Event "Live Chess"]
[Site "Chess.com"]
[Date "2024.06.02"]
[Round "-"]
[White "GMMickeyAdams"]
[Black "Ninifu"]
[Result "1-0"]
[WhiteElo "2800"]
[BlackElo "2007"]
[TimeControl "300"]
[EndTime "6:10:32 PDT"]
[Termination "GMMickeyAdams won on time"]

1. Nf3 Nf6 2. d4 g6 3. Nbd2 Bg7 4. e4 d5 5. e5 Ne4 6. Bd3 Bf5 7.
Qe2 Nxd2 8. Bxd2 Bxd3 9. Qxd3 e6 10. h4 h5 11. Bg5 Qd7 12. O-O Na6 13. c3 c5 14. Qe3 Rc8 15. Rac1 O-O 16. Bf6 cxd4 17. cxd4 Rxc1 18. Rxc1 Rc8 19. Rc3 Rxc3 20. Qxc3 Qc7 21. Qd2 Nb8 22. Bxg7 Kxg7 23. g4 hxg4 24. Ng5 Qe7 25. Qf4 Nd7 26. Qxg4 Kh6 27. Kg2 Nf8 28. Qf4 Kg7 29. a3 Nh7 30. Nf3 1-0

[Event "Live Chess"]
[Site "Chess.com"]
[Date "2024.06.02"]
[Round "-"]
[White "Tatarinov_Maxim"]
[Black "CarmelJane"]
[Result "1-0"]
[WhiteElo "2284"]
[BlackElo "1988"]
[TimeControl "300"]
[EndTime "6:10:33 PDT"]
[Termination "Tatarinov_Maxim won by resignation"]

1. Nf3 Nf6 2. c4 e6 3. g3 b6 4. Bg2 Bb7 5. O-O g6 6. d4 Bg7 7. Nc3 Ne4 8. Qc2 Nxc3 9. Qxc3 O-O 10. Rd1 d6 11. Qd2 Nd7 12. b3 Qc8 13. Bb2 Nf6 14. Rac1 Ne4 15. Qc2 Qd8 16. Nd2 f5 17. Nxe4 fxe4 18.
Bxe4 d5 19. Bg2 Qf6 20. e3 c6 21. Re1 Rac8 22. e4 dxe4 23. Bxe4 Rcd8 24. Bg2 Bc8 25. Bxc6 Qg5 26. Rcd1 h5 27. Bg2 h4 28. d5 hxg3 29.
hxg3 Bxb2 30. Qxb2 exd5 31. Rxd5 Rxd5 32. Bxd5+ Kh7 33.
Qe5 1-0

[Event "Live Chess"]
[Site "Chess.com"]
[Date "2024.06.02"]
[Round "-"]
[White "BostonStrangler"]
[Black "TheSmoulderingMaster"]
[Result "1-0"]
[WhiteElo "2133"]
[BlackElo "1762"]
[TimeControl "300"]
[EndTime "6:10:38 PDT"]
[Termination "BostonStrangler won by checkmate"]

1. e4 c5 2. Nf3 d6 3. d4 cxd4 4. Qxd4 Nc6 5. Bb5 Bd7 6. Bxc6 bxc6 7. c4 Nf6 8. Nc3 g6 9. h3 Bg7 10. Qe3 O-O 11. O-O Qa5 12. Rd1 Be6 13. e5 Nh5 14. exd6 exd6 15. Rxd6 Bxc4 16. Rxc6 Rac8 17. Rxc8 Rxc8 18.
g4 Nf6 19. Bd2 Nd5 20. Nxd5 Qxd5 21. Bc3 Bxc3 22. Qxc3 Ba6 23. Qe3 Bb7 24. Kg2 Rc6 25.
Kg3 Rf6 26. Ne1 Qh1 27. Rc1 Qg1+ 28. Kh4 Rxf2 29. Rc7 g5+ 30. Kh5 Bd5 31. Qe8+ Kg7 32.
Qe5+ Rf6 33. Qxd5 Qxe1 34. Qxg5+ Rg6 35. Qf4 Qe6 36. Kh4 Qe1+ 37. Kh5 Qe6 38. Kh4 Qb6 39. Qxf7+ Kh6 40. Qxh7# 1-0

[Event "Live Chess"]
[Site "Chess.com"]
[Date "2024.06.02"]
[Round "-"]
[White "TC2304"]
[Black "gmnorfolk"]
[Result "0-1"]
[WhiteElo "2321"]
[BlackElo "2155"]
[TimeControl "300"]
[EndTime "6:10:52 PDT"]
[Termination "gmnorfolk won by checkmate"]

1. a4 c6 2. h4 d5 3. d4 Nf6 4.
h5 h6 5. Nc3 Bf5 6. f3 e6 7. g4 Bh7 8. Bf4 Bb4 9. e3 c5 10.
Bb5+ Nc6 11. Ne2 Rc8 12. dxc5 O-O 13. Kf2 Bxc5 14. Nd4 e5 15. Bxc6 exf4 16. Bxb7 fxe3+ 17. Kxe3 Re8+ 18. Kf2 Rb8 19. Bc6 Nxg4+ 20. fxg4 Qf6+ 21. Qf3 Bxd4+ 22. Kg2 Bxc3 23. Qxf6 Bxf6 24. Bxe8 Be4+ 25. Kf2 Bd4+ 26. Ke2 Rxe8 27. Rhd1 Bxb2 28. Rab1 Bxc2+ 29. Kf3 Bxd1+ 30. Rxd1 d4 31. g5 hxg5 32. a5 Bc3 33. a6 Re6 34. Kg4 Rxa6 35. Kxg5 Kh7 36. Rf1 f6+ 37.
Kg4 Ra5 38. Rb1 Rg5+ 39. Kh4 a5 40. Rb8 d3 41. h6 d2 42. hxg7 Rxg7 43. Kh5 Rg5+ 44. Kh4 d1=Q 45. Rb7+ Rg7 46. Rb1 Qg4# 0-1

[Event "Live Chess"]
[Site "Chess.com"]
[Date "2024.06.02"]
[Round "-"]
[White "V1nas"]
[Black "McCarthyStone"]
[Result "0-1"]
[WhiteElo "1315"]
[BlackElo "2484"]
[TimeControl "300"]
[EndTime "6:10:59 PDT"]
[Termination "McCarthyStone won by resignation"]

1. d4 g6 2. Nc3 Bg7 3. e4 c5 4.
d5 d6 5. Nf3 a6 6. a4 Nf6 7.
Bd3 Bg4 8. h3 Bxf3 9. Qxf3 O-O 10.
O-O Nbd7 11. a5 Ne5 12. Qe2 Nxd3 13. Qxd3 b5 14. axb6 Qxb6 15. Be3 Nd7 16. f4 Qxb2 17. Rfb1 Qxc3 18. Qxc3 Bxc3 19. Ra3 Bd4 20. Bxd4 cxd4 21. Rb7 Rfd8 22. Kf2 Kf8 23. Rab3 Nc5 0-1

[Event "Live Chess"]
[Site "Chess.com"]
[Date "2024.06.02"]
[Round "-"]
[White "Bradfield133"]
[Black "DoYouLikeCurry"]
[Result "1-0"]
[WhiteElo "1865"]
[BlackElo "1446"]
[TimeControl "300"]
[EndTime "6:11:01 PDT"]
[Termination "Bradfield133 won on time"]

1. c4 Nf6 2. g3 e6 3. Nf3 c6 4. Bg2 d5 5. b3 Be7 6. e3 b6 7. Bb2 O-O 8. Ne5 Bb7 9. O-O Nbd7 10. f4 Nxe5 11. fxe5 Nd7 12. cxd5 cxd5 13. Nc3 Nxe5 14. d4 Nd7 15. Rc1 Bg5 16. Qf3 Qf6 17. Ne2 Qxf3 18. Rxf3 Nf6 19. h4 Bh6 20. Bh3 Rac8 21. g4 Rxc1+ 22.
Bxc1 Ne4 23. g5 Nxg5 24. hxg5 Bxg5 25. Nc3 Rc8 26. Bb2 Bh6 27. Bf1 e5 28. Nb5 exd4 29.
Nxd4 Re8 30. Kf2 a6 31. Bd3 g6 32. a3 Bg7 33. b4 Bxd4 34. Bxd4 Rc8 35. Bxb6 Rc1 36. Bd4 Rd1 37. Be2 Ra1 38. Rf6 Rxa3 39. Rb6 1-0

[Event "Live Chess"]
[Site "Chess.com"]
[Date "2024.06.02"]
[Round "-"]
[White "TJ-W"]
[Black "Dashman93"]
[Result "0-1"]
[WhiteElo "1574"]
[BlackElo "2124"]
[TimeControl "300"]
[EndTime "6:11:05 PDT"]
[Termination "Dashman93 won on time"]

1. e4 e5 2. Nf3 Nc6 3. Bc4 Nf6 4. Ng5 d5 5. exd5 b5 6. Bxb5 Qxd5 7. Bxc6+ Qxc6 8. O-O Bg4 9. f3 Bc5+ 10. Kh1 Bf5 11. d3 O-O 12. Nc3 Bd4 13. Nce4 Nd5 14. g4 Bg6 15. h4 h6 16. Nh3 f5 17. gxf5 Bxf5 18.
Nhf2 Qg6 19. Ng4 Qh5 20. Nxh6+ gxh6 21. Qe1 Kh7 22. c4 Bxe4 23. Qxe4+ Qf5 24. Qxf5+ Rxf5 25. cxd5 Rh5 26. Kh2 Rg8 27. Kh3 e4 28. fxe4 Be5 29. Bf4 Bxb2 30. Rab1 Bd4 31. Rb7 Bb6 32. Be5 Rxe5 33.
Rf7+ Kh8 34. a4 Rg7 35. Rb8+ Kh7 36. Rxg7+ Kxg7 37. Rd8 Re7 38. d4 Rxe4 39. d6 Rxd4 0-1

[Event "Live Chess"]
[Site "Chess.com"]
[Date "2024.06.02"]
[Round "-"]
[White "SavagePawn7"]
[Black "GEMdzq"]
[Result "0-1"]
[WhiteElo "678"]
[BlackElo "2296"]
[TimeControl "300"]
[EndTime "6:11:07 PDT"]
[Termination "GEMdzq won by resignation"]

1. e4 Nf6 2. Nc3 d6 3. d4 g6 4. Bg5 h6 5. Bxf6 exf6 6. Bc4 Bg7 7. Nf3 O-O 8. O-O f5 9. exf5 Bxf5 10. Bd3 Bg4 11. h3 Bxf3 12. Qxf3 Nc6 13. Ne2 Nxd4 14. Nxd4 Bxd4 15. c3 Bg7 16. Qxb7 Rb8 17. Qd5 Rxb2 18.
Rab1 Rd2 19. Rfd1 Rxd1+ 20. Rxd1 Qf6 21. Rc1 Qf4 22. Qxd6 Qxd6 0-1

[Event "Live Chess"]
[Site "Chess.com"]
[Date "2024.06.02"]
[Round "-"]
[White "beltmanjb"]
[Black "BishopofWells"]
[Result "1-0"]
[WhiteElo "1694"]
[BlackElo "1552"]
[TimeControl "300"]
[EndTime "6:11:38 PDT"]
[Termination "beltmanjb won by checkmate"]

1. d4 d5 2. c4 e6 3. Nf3 Nf6 4. g3 h6 5. Bg2 c6 6. O-O Nbd7 7.
Nc3 dxc4 8. Nd2 Nb6 9. a4 a5 10. b3 cxb3 11. Qxb3 Be7 12. Ba3 O-O 13. Rfd1 Nbd5 14.
Nde4 Nxe4 15. Bxe4 Bxa3 16. Qxa3 Nxc3 17. Qxc3 Bd7 18.
Rab1 Qc7 19. Qc5 Rfb8 20. d5 b6 21. d6 Qc8 22. Qc2 Qd8 23. Rdc1 Rc8 24. Qb2 Rab8 25. Rc3 c5 26. Rb3 Bc6 27. Bc2 Qxd6 28. Rxb6 Qd5 29. e4 Rxb6 30. Qxb6 Qd2 31. Qa6 Rd8 32. Rd1 Qxd1+ 33.
Bxd1 Rxd1+ 34. Kg2 Bxa4 35. Qxa5 Bb3 36. Qxc5 Rd8 37.
Qb6 Rd4 38. Qxb3 Rxe4 39. Qb8+ Kh7 40. Qb1 f5 41. Kf3 Re5 42. Qb2 Rd5 43. Qb6 e5 44. Qe6 e4+ 45. Kf4 Rb5 46. h4 Ra5 47. h5 Ra8 48.
Qxf5+ Kh8 49. Qxe4 Rf8+ 50. Kg4 Kg8 51. f4 Rf7 52. f5 Kh8 53. Qe8+ Kh7 54. Qxf7 Kh8 55. f6 gxf6 56. Qxf6+ Kg8 57. Qe7 Kh8 58. Kf5 Kg8 59. Kg6 Kh8 60. Qg7# 1-0

[Event "Live Chess"]
[Site "Chess.com"]
[Date "2024.06.02"]
[Round "-"]
[White "KeithArkell"]
[Black "slava_ukr"]
[Result "1-0"]
[WhiteElo "2426"]
[BlackElo "2331"]
[TimeControl "300"]
[EndTime "6:11:47 PDT"]
[Termination "KeithArkell won on time"]

1. d4 d5 2. Nf3 Bf5 3. c4 e6 4. cxd5 exd5 5. Nc3 c6 6. Bg5 Be7 7. Bxe7 Qxe7 8. e3 Nf6 9. Bd3 Bxd3 10. Qxd3 O-O 11.
O-O Nbd7 12. b4 Ne4 13. Rab1 a6 14. Qc2 f5 15. g3 g5 16. Rfe1 Ndf6 17. Ne5 Rae8 18.
Na4 Nd7 19. Nxd7 Qxd7 20. Nc5 Qf7 21. f3 Nd6 22. Kf2 Qh5 23. h3 g4 24. h4 gxf3 25. a4 Ne4+ 26. Nxe4 fxe4 27. b5 axb5 28. axb5 Kh8 29. bxc6 bxc6 30. Qxc6 Rc8 31. Qa4 Rc4 32. Qb3 Rfc8 33. Rb2 Qg4 34. Rh1 Qd7 35. h5 Qc6 36. g4 Rc3 37. Qa2 h6 38. Rd2 Rxe3 39. Kxe3 Qc3+ 40.
Kf4 Rf8+ 41. Ke5 Qc7+ 42. Kxd5 e3 43. Qa6 Qf7+ 44. Ke4 Re8+ 45. Kd3 Qh7+ 46. Kc3 exd2 47. Qf6+ Kg8 48. Rd1 Rc8+ 49. Kb4 1-0

[Event "Live Chess"]
[Site "Chess.com"]
[Date "2024.06.02"]
[Round "-"]
[White "oscalik"]
[Black "booktrunk"]
[Result "1-0"]
[WhiteElo "2233"]
[BlackElo "1494"]
[TimeControl "300"]
[EndTime "6:11:57 PDT"]
[Termination "oscalik won by resignation"]

1. e4 b6 2. Bc4 e6 3. Nf3 h6 4.
O-O Nf6 5. Re1 Bb7 6. e5 Nd5 7. d4 a6 8. a4 Nc6 9. Nbd2 Na5 10. Ba2 Bb4 11. c3 Be7 12. Ne4 O-O 13. Bd2 f5 14.
exf6 Nxf6 15. Bb1 Nxe4 16. Bxe4 Bxe4 17. Rxe4 Bf6 18. Qe2 Nc6 19. Re1 Re8 20. Ne5 Nxe5 21. dxe5 Bg5 22. f4 Be7 23. g4 Bc5+ 24. Kg2 Qh4 25.
b4 Be7 26. f5 exf5 27. gxf5 Qxe4+ 28. Qxe4 c6 29. Qg4 c5 30. Bxh6 Bf8 31. f6 cxb4 32. Bxg7 Bc5 33. Bh6+ 1-0

[Event "Live Chess"]
[Site "Chess.com"]
[Date "2024.06.02"]
[Round "-"]
[White "Dhaydon19"]
[Black "14141409"]
[Result "1-0"]
[WhiteElo "2660"]
[BlackElo "2549"]
[TimeControl "300"]
[EndTime "6:12:03 PDT"]
[Termination "Dhaydon19 won by resignation"]

1. g3 g6 2. Bg2 Bg7 3. d4 Nf6 4. c3 O-O 5. Nf3 d6 6. O-O Nc6 7. Nbd2 e5 8. dxe5 dxe5 9. Qc2 Qe7 10. Ne4 Nxe4 11. Qxe4 f5 12. Qc4+ Be6 13. Qb5 Rab8 14.
Ng5 a6 15. Qa4 e4 16. Nxe6 Qxe6 17. Be3 Ne5 18. Rad1 Nc4 19. Bc1 b5 20. Qc2 Nd6 21. b3 c5 22. Bf4 Rbd8 23. Rd2 Nf7 24. Rfd1 Rxd2 25. Rxd2 g5 26. Be3 Be5 27. Bxc5 Rc8 28.
b4 Nd6 29. e3 Nc4 30. Rd1 Bd6 31.
Bd4 Ne5 32. Qb3 Nc4 33. Kf1 Be5 34. Kg1 Bd6 35. Bf1 f4 36. a4 fxe3 37. fxe3 Rf8 38. axb5 axb5 39. Qc2 Be5 40. Bxc4 bxc4 41. Qxe4 Re8 42.
Qxe5 Qxe5 43. Bxe5 Rxe5 44. Kf2 g4 45. Rd4 Rf5+ 46.
Ke2 Rh5 47. Rxg4+ 1-0

[Event "Live Chess"]
[Site "Chess.com"]
[Date "2024.06.02"]
[Round "-"]
[White "Queensandpawns"]
[Black "PavelChernomordik"]
[Result "0-1"]
[WhiteElo "2282"]
[BlackElo "2511"]
[TimeControl "300"]
[EndTime "6:12:17 PDT"]
[Termination "PavelChernomordik won by resignation"]

1. e4 g6 2. d4 Bg7 3. Nc3 d6 4. Be3 a6 5. Qd2 b5 6. a3 Bb7 7. f3 Nd7 8. h4 h6 9. Nge2 e6 10.
O-O-O Nb6 11. d5 Nc4 12. Qd3 Nxe3 13. Qxe3 Qf6 14. dxe6 fxe6 15. Nf4 Ne7 16. Bd3 O-O 17. Nce2 Qxb2+ 18. Kd2 Bc8 19. g4 Qxa3 20. g5 Qa5+ 21. c3 h5 22. Bc2 d5 23. e5 Nf5 24. Bxf5 exf5 25. Nxg6 Re8 26. Nef4 Be6 27. Nxh5 d4 28. Qf4 Qxc3+ 29. Ke2 Bf7 30. Nf6+ Bxf6 31. gxf6 Bxg6 32. Rdg1 Kf7 33. h5 Rxe5+ 34. Qxe5 d3+ 35. Kf2 Qxe5 36. hxg6+ Kxf6 37. g7 Rg8 38. Rh6+ Kf7 0-1

[Event "Live Chess"]
[Site "Chess.com"]
[Date "2024.06.02"]
[Round "-"]
[White "JohanKjeldahl"]
[Black "raclement"]
[Result "0-1"]
[WhiteElo "1791"]
[BlackElo "1733"]
[TimeControl "300"]
[EndTime "6:12:29 PDT"]
[Termination "raclement won by resignation"]

1. e4 c5 2. Nf3 g6 3. d4 cxd4 4. Nxd4 Bg7 5. Nc3 Nc6 6. Be3 Nf6 7. f3 O-O 8. Qd2 d5 9. Nxc6 bxc6 10. O-O-O Bb7 11.
e5 Nd7 12. f4 e6 13. g4 c5 14. Bg2 Rb8 15. Nb5 d4 16. Bxb7 Rxb7 17. Nd6 Rb6 18. Bf2 Rxd6 19. exd6 Nb6 20. f5 exf5 21. gxf5 Qxd6 22.
Bg3 Qd5 23. fxg6 fxg6 24. Rhf1 Nc4 25. Rxf8+ Bxf8 26. Qf4 Qf7 27. b3 Qxf4+ 28. Bxf4 Ne3 29. Bxe3 dxe3 30. Re1 Bh6 31. Kd1 Kf7 32. Ke2 Ke6 33.
Kd3 Kd5 34. c4+ Ke5 35. Rf1 Bf4 36. h3 g5 37. a3 a5 38. Rb1 h5 39. b4 axb4 40. axb4 cxb4 41. Rxb4 g4 42. Rb5+ Kf6 43. hxg4 hxg4 44. Ke4 e2 45. Rb1 Bg3 46. c5 e1=Q+ 47. Rxe1 Bxe1 48. Kf4 g3 49. Kf3 Ke6 50. c6 Kd6 51. c7 Kxc7 52. Kg2 Kd6 53. Kf1 Bf2 54. Kg2 Ke5 55. Kh1 Kf4 56. Kg2 Be1 57. Kf1 Bb4 58. Kg2 Bc5 59. Kf1 Kf3 60. Ke1 g2 0-1

[Event "Live Chess"]
[Site "Chess.com"]
[Date "2024.06.02"]
[Round "-"]
[White "upoe610"]
[Black "davigator"]
[Result "1/2-1/2"]
[WhiteElo "2141"]
[BlackElo "2354"]
[TimeControl "300"]
[EndTime "6:12:30 PDT"]
[Termination "Game drawn by agreement"]

1. c4 e5 2. g3 Nf6 3. Bg2 d5 4. cxd5 Nxd5 5. Nf3 Nc6 6. O-O Be7 7. Nc3 Nf6 8. b3 O-O 9. Bb2 Re8 10. Rc1 Bg4 11.
Nb5 Bb4 12. a3 Ba5 13. b4 Bb6 14. h3 Bh5 15. g4 Bg6 16. Nc3 Qd7 17. Na4 Rad8 18. d3 Nd5 19. Nc5 Bxc5 20. Rxc5 Nf4 21. Nxe5 Nxe5 22. Bxe5 Nxg2 23. Kxg2 c6 24. Bg3 b6 25.
Rc1 Qd5+ 26. f3 f5 27. Qc2 Re6 28. Rf2 h5 29. Qc4 fxg4 30. hxg4 hxg4 31. Qxd5 Rxd5 32.
fxg4 a5 33. bxa5 Rxa5 34. Rcf1 Re8 35. Rc1 Re6 36. Rcf1 Ra8 37. Rb1 b5 38. e4 Rxa3 39.
Rbf1 Ra8 40. Bf4 Rd8 41. Rf3 Ra8 42. Kg3 Rc8 43. Bd2 c5 44. Rc1 c4 45. Bb4 Rec6 46.
d4 Bxe4 47. Re3 Re8 48. Rce1 Rce6 49. Kf4 Bd5 50. Rxe6 Rxe6 51. Rxe6 Bxe6 52. g5 Kf7 53. Ke5 Bd7 54. Kd6 Be8 55. Ke5 Kg6 56. Kf4 Bf7 57. Bd2 Bd5 58. Ke5 Bf7 59. d5 Be8 60. Kd6 Kf5 61. Ke7 Ke5 62. d6 Bc6 63. Bc3+ Kf5 64. Bf6 c3 65. Bxc3 Kxg5 66. Bxg7 b4 67. Kd8 b3 68. Kc7 Ba4 69. Bb2 Kf5 1/2-1/2

[Event "Live Chess"]
[Site "Chess.com"]
[Date "2024.06.02"]
[Round "-"]
[White "r0ad_t0-gm"]
[Black "FlyingChessKestrel13"]
[Result "1-0"]
[WhiteElo "2305"]
[BlackElo "2077"]
[TimeControl "300"]
[EndTime "6:12:39 PDT"]
[Termination "r0ad_t0-gm won by resignation"]

1. Nf3 d6 2. d4 g6 3. e4 Bg7 4. c3 Nf6 5. Bd3 O-O 6. O-O Nbd7 7. Re1 e5 8. h3 c6 9. Nbd2 Qc7 10. Nf1 Re8 11. Ng3 Nf8 12. Be3 Ne6 13. a4 Nf4 14. Bxf4 exf4 15. Ne2 Nh5 16. Qd2 d5 17. e5 Bh6 18. g4 Ng7 19. g5 Bxh3 20. gxh6 Qd7 21.
Qxf4 Nh5 22. Qg5 Kh8 23. Nf4 f6 24. exf6 Nxf4 25. Qxf4 Rf8 26. Ne5 Qe6 27. Nxg6+ hxg6 28. Rxe6 Bxe6 29. Bxg6 Rg8 30. Qg3 Raf8 31. f7 Bxf7 32. Qe5+ 1-0

[Event "Live Chess"]
[Site "Chess.com"]
[Date "2024.06.02"]
[Round "-"]
[White "booktrunk"]
[Black "Dhaydon19"]
[Result "0-1"]
[WhiteElo "1494"]
[BlackElo "2660"]
[TimeControl "300"]
[EndTime "6:13:19 PDT"]
[Termination "Dhaydon19 won by resignation"]

1. d4 c6 2. Nc3 d5 3. e4 dxe4 4. Nxe4 Nf6 5. Nxf6+ exf6 6. Qe2+ Be6 7. Bf4 Be7 8. b3 Qxd4 9. Rd1 Qxf4 10. h3 Nd7 11. Qd3 Ne5 12. Qc3 Bb4 13. Qxb4 0-1

[Event "Live Chess"]
[Site "Chess.com"]
[Date "2024.06.02"]
[Round "-"]
[White "Grace6363"]
[Black "StoreySniper"]
[Result "0-1"]
[WhiteElo "1123"]
[BlackElo "2500"]
[TimeControl "300"]
[EndTime "6:13:20 PDT"]
[Termination "StoreySniper won by checkmate"]

1. d4 g6 2. c4 Bg7 3. Nf3 c5 4. d5 b5 5. e3 bxc4 6. Bxc4 d6 7. Nc3 Nf6 8. O-O O-O 9. Re1 Ba6 10. Qb3 Bxc4 11.
Qxc4 Nbd7 12. e4 Ng4 13. Bf4 Rb8 14. b3 Qa5 15. Rac1 Rb4 16. Qd3 Rfb8 17. Rb1 Bxc3 18. Qxc3 Qxa2 19. Nd2 Qa6 20. Nc4 Qb5 21. Na3 Qb7 22. h3 Ngf6 23. Nc4 Rxb3 24. Rxb3 Qxb3 25. Qxb3 Rxb3 26. e5 dxe5 27. Nxe5 Nxe5 28. Rxe5 Kf8 29.
Bg5 Rd3 30. Bxf6 exf6 31. Re4 Rd1+ 32. Kh2 Rxd5 33. Rc4 Ke7 34. f4 Kd6 35. Kg3 Rd3+ 36. Kf2 Rd4 37. Rc3 Rxf4+ 38. Ke3 Rd4 39. Ra3 f5 40.
Rxa7 f4+ 41. Ke2 Ke6 42. Ra5 Rd5 43. Ra4 g5 44. Re4+ Re5 45. Rxe5+ Kxe5 46. Kd3 Kd5 47. Kc3 c4 48. Kd2 Kd4 49. Kc2 c3 50. Kc1 Kd3 51. Kd1 c2+ 52. Kc1 Kc3 53. h4 g4 54. g3 fxg3 55.
h5 g2 56. h6 g1=Q# 0-1

[Event "Live Chess"]
[Site "Chess.com"]
[Date "2024.06.02"]
[Round "-"]
[White "LL220284LL"]
[Black "vincents82"]
[Result "1/2-1/2"]
[WhiteElo "2490"]
[BlackElo "1996"]
[TimeControl "300"]
[EndTime "6:13:31 PDT"]
[Termination "Game drawn by agreement"]

1. b3 d5 2. Bb2 e6 3. Nf3 Nf6 4. e3 Be7 5. Be2 O-O 6. O-O c5 7. d4 b6 8. Nbd2 Bb7 9. c4 Nbd7 10. cxd5 exd5 11. Rc1 Rc8 12. dxc5 Nxc5 13. Nd4 Nce4 14. Nxe4 Nxe4 15. Bd3 Rxc1 16. Qxc1 Qc8 17. Qa1 Bf6 18.
Rc1 Qd7 19. Qb1 Rc8 20. Rxc8+ Qxc8 21. h3 Qc5 22. Qd1 Nc3 23. Qa1 Ne4 24. Qc1 Qxc1+ 25.
Bxc1 Kf8 26. Kf1 Ke7 27. Ba3+ Kd7 28. Bb5+ Kc7 29. Be8 Nd6 30. Bxd6+ Kxd6 31. Bxf7 Kc5 32. Nc2 Ba6+ 33. Ke1 Bd3 34. Kd2 Bxc2 35. Kxc2 a5 36. Kd3 h6 37. e4 dxe4+ 38. Kxe4 b5 39. a4 bxa4 40. bxa4 Kd6 41. f4 Bc3 42. Kf5 Ke7 43. Bc4 Bd2 44. g4 Bc1 45. Ke4 Kf6 46. h4 g5 47.
fxg5+ hxg5 48. h5 Kg7 49. Kf5 Kh6 50. Kf6 Bd2 51. Bd3 Be1 52. Bf5 Bd2 53. Ke7 1/2-1/2

[Event "Live Chess"]
[Site "Chess.com"]
[Date "2024.06.02"]
[Round "-"]
[White "agamilewska"]
[Black "MagnersCarlsberg2870"]
[Result "1/2-1/2"]
[WhiteElo "1780"]
[BlackElo "1739"]
[TimeControl "300"]
[EndTime "6:13:49 PDT"]
[Termination "Game drawn by agreement"]

1. e4 e5 2. c3 Nf6 3. d4 c5 4.
dxe5 Nxe4 5. Bc4 d5 6. Bxd5 Ng5 7. Bxg5 Qxg5 8. g3 Qxe5+ 9. Qe2 Bd6 10. Qxe5+ Bxe5 11. Nf3 Bf6 12. O-O O-O 13. Nbd2 Nc6 14. Ne4 Be7 15. Bxc6 bxc6 16. Rfe1 Bg4 17. Ne5 Bf5 18. Nxc6 Rfe8 19. Nxe7+ Rxe7 20. Nxc5 Rxe1+ 21. Rxe1 g6 22. f4 Rc8 23. b4 h5 24. Kf2 Rd8 25. Re2 Rd1 26. Ne4 Rc1 27. Nf6+ Kg7 28. Nd5 Bd3 29. Rd2 Bc4 30. Ne3 Rxc3 31. Nxc4 Rxc4 32. Rd7 Rxb4 33. Rxa7 Rb2+ 34. Kf3 Rxh2 35. a4 h4 36. gxh4 Rxh4 37. a5 Rh3+ 38. Kg4 Ra3 39. a6 Kf6 40. Ra8 Ra5 41. a7 Ke7 42. Kh4 Ra4 1/2-1/2